[Event "FIDE World Cup 2013"]
[Site "TromsÃ¸"]
[Date "2013.08.13"]
[Round "1.6"]
[White "Felgaer, Ruben"]
[Black "Riazantsev, Alexander"]
[Result "1/2-1/2"]
[ECO "B12"]
[WhiteElo "2586"]
[BlackElo "2708"]
[PlyCount "123"]
[EventDate "2013.??.??"]
[EventCountry "NOR"]
[TimeControl "600+10"]

1. e4 c6 2. d4 d5 3. Nd2 g6 4. Ngf3 Bg7 5. c3 Bg4 6. h3 Bxf3 7.
Qxf3 e6 8. Bd3 Ne7 9. O-O O-O 10. Re1 Nd7 11. Qg3 c5 12. exd5 Nxd5 13. dxc5 Nxc5 14. Bc2 Nf6 15. Nb3 Nxb3 16. Bxb3 Qa5 17. Qg5 Qa6 18. Be3 b5 19. Rad1 Qb7 20. Qh4 Rfe8 21. Bg5 Nd7 22. Qe4 Qxe4 23. Rxe4 Nc5 24. Re2 a5 25. Be3 Nxb3 26. axb3 a4 27. bxa4 bxa4 28. Bd4 Red8 29. Red2 e5 30. Bc5 Rdc8 31. Ba3 h5 32. Rd7 g5 33. Kf1 Rc4 34. Rd8+ Rxd8 35. Rxd8+ Kh7 36. Rb8 e4 37. g4 Be5 38. Rb7 Bc7 39. Ke2 Kg6 40. Rb5 f6 41. Rd5 Be5 42. Rb5 h4 43.
Ra5 Bf4 44. Rb5 Bc7 45. Rd5 Be5 46. Rb5 Bxc3 47. bxc3 Rxc3 48. Bb2 Rxh3 49. Rf5 Rf3 50. Rxf3 exf3+ 51. Kxf3 f5 52. gxf5+ Kxf5 53.
Ba3 g4+ 54. Kg2 Ke4 55. Be7 h3+ 56. Kg3 Kd3 57. Bd6 Ke2 58. Kxg4 a3 59. Kxh3 a2 60. Be5 Kxf2 61. Kg4 a1=Q 62. Bxa1 1/2-1/2

[Event "FIDE World Cup 2013"]
[Site "TromsÃ¸"]
[Date "2013.08.13"]
[Round "1.6"]
[White "Granda Zuniga, Julio E"]
[Black "Melkumyan, Hrant"]
[Result "1/2-1/2"]
[ECO "A45"]
[WhiteElo "2679"]
[BlackElo "2632"]
[PlyCount "117"]
[EventDate "2013.??.??"]
[EventCountry "NOR"]
[TimeControl "600+10"]

1. d4 Nf6 2. Bf4 g6 3. Nd2 Bg7 4. e4 O-O 5. e5 Nd5 6. Bg3 d6 7. Ngf3 Nc6 8.
Bc4 dxe5 9. dxe5 Nb6 10. Bb3 a5 11. a4 Nd4 12. Nxd4 Qxd4 13. c3 Qd3 14. Qf3 Bf5 15. e6 fxe6 16. Bxe6+ Kh8 17. Qxd3 Bxd3 18. Bxc7 Rf6 19. Bb3 Rc8 20. Be5 Rf5 21. Bxg7+ Kxg7 22. Nf3 Bc4 23. Bc2 Rd5 24. Rd1 Rcd8 25. Rxd5 Bxd5 26. Ke2 Bc4+ 27. Ke3 Nd5+ 28. Ke4 Nf6+ 29. Kf4 Nd5+ 30. Kg3 Nf6 31. Re1 Nh5+ 32. Kg4 Nf6+ 33. Kf4 Kf8 34. Nd4 Rd6 35. g4 b6 36. Kg3 Nd7 37. f4 Nc5 38. Re3 Bf7 39. f5 Be8 40.
b3 Bf7 41. Kf4 Nd7 42. g5 gxf5 43. Nxf5 e5+ 44. Kg3 Rd2 45. Nh6 Bd5 46. Bf5 Bc6 47. h4 Nc5 48. Bxh7 Rg2+ 49. Kh3 Ne6 50. Rg3 Rf2 51. h5 e4 52. Nf5 Bd7 53. h6 e3 54. g6 Nf4+ 55. Kg4 Bxf5+ 56. Kxf5 e2 57. g7+ Ke7 58. Re3+ Ne6+ 59. Ke5 1/2-1/2

[Event "FIDE World Cup 2013"]
[Site "TromsÃ¸"]
[Date "2013.08.13"]
[Round "1.6"]
[White "Hou, Yifan"]
[Black "Shirov, Alexei"]
[Result "0-1"]
[ECO "B24"]
[WhiteElo "2600"]
[BlackElo "2696"]
[PlyCount "71"]
[EventDate "2013.??.??"]
[EventCountry "NOR"]
[TimeControl "600+10"]

1. e4 c5 2. Nc3 Nc6 3. Bb5 Nd4 4. Nf3 g6 5. Bc4 Bg7 6. Nxd4 cxd4 7. Qf3 Nh6 8. Ne2 O-O 9. h3 e6 10. d3 f5 11. Qg3 fxe4 12. dxe4 d5 13.
exd5 exd5 14. Bd3 Nf5 15. Qh2 Qe7 16. Bd2 Nd6 17. Bb4 Be5 18.
g3 a5 19. Bc5 Qc7 20. Bxd4 Bxd4 21. Nxd4 Qb6 22. Ne2 Qb4+ 23. c3 Qxb2 24. O-O Ne4 25. Qg2 Rxf2 26. Rxf2 Qxa1+ 27. Rf1 Qxa2 28. c4 Qd2 29. Qf3 Bxh3 30. Bxe4 dxe4 31. Qf7+ Kh8 32. Qf6+ Kg8 33.
Qf7+ Kh8 34. Rf2 e3 35. Qf6+ Kg8 36. Rf3 0-1

[Event "FIDE World Cup 2013"]
[Site "TromsÃ¸"]
[Date "2013.08.13"]
[Round "1.6"]
[White "Kamsky, Gata"]
[Black "Lou, Yiping"]
[Result "1/2-1/2"]
[ECO "A81"]
[WhiteElo "2763"]
[BlackElo "2483"]
[PlyCount "139"]
[EventDate "2013.??.??"]
[EventCountry "NOR"]
[TimeControl "600+10"]

1. d4 f5 2. g3 Nf6 3. Bg2 e6 4. Nf3 d5 5. O-O Bd6 6. c4 O-O 7. b3 b6 8. Ba3 Bb7 9. Qc1 Ne4 10. Bxd6 cxd6 11. cxd5 exd5 12. e3 g5 13. Nc3 Nd7 14. Qb2 f4 15. exf4 gxf4 16. Ne2 Ba6 17. Nxf4 Rxf4 18. gxf4 Bxf1 19. Rxf1 Qf6 20. Qc1 Kh8 21. Kh1 Rg8 22. Bh3 Nf8 23. f5 Qf7 24. Qh6 Qe8 25. Qh4 Qb5 26. Rg1 Qe2 27. Rxg8+ Kxg8 28. Kg2 Qxa2 29. Ng5 Qe2 30. Ne6 h5 31. Nf4 Qd2 32. f6 Qxd4 33. f7+ Kxf7 34. Qxh5+ Kg8 35. Qxd5+ Qxd5 36. Nxd5 Ng6 37. Bg4 Kg7 38. h3 Nf6 39. Nc3 d5 40.
Nb5 a6 41. Nd4 Ne4 42. Kf3 Kf6 43. Ke3 a5 44. f4 Nd6 45. Bd7 Nh4 46. Be6 Ng2+ 47. Kf3 Ne1+ 48. Ke3 Nc2+ 49. Nxc2 Kxe6 50. Nd4+ Kf6 51. Kd3 Ne4 52. h4 Ng3 53. Nb5 Ke6 54. Nd4+ Kd6 55. Nb5+ Kc5 56. Nd4 b5 57. f5 Nh5 58. Kc3 Nf6 59. Ne6+ Kd6 60. Kd4 a4 61. bxa4 bxa4 62. Nf4 Kc6 63. h5 Kb5 64. h6 a3 65. Kc3 Ka4 66. Kc2 d4 67.
Nd3 Nh7 68. Nc1 Kb4 69. Kd3 Kc5 70. Nb3+ 1/2-1/2

[Event "FIDE World Cup 2013"]
[Site "TromsÃ¸"]
[Date "2013.08.13"]
[Round "1.6"]
[White "Kryvoruchko, Yuriy"]
[Black "Negi, Parimarjan"]
[Result "1-0"]
[ECO "B22"]
[WhiteElo "2678"]
[BlackElo "2634"]
[PlyCount "67"]
[EventDate "2013.??.??"]
[EventCountry "NOR"]
[TimeControl "600+10"]

1. e4 c5 2. c3 d5 3. exd5 Qxd5 4. d4 Nc6 5. Nf3 Bf5 6. Be2 cxd4 7. cxd4 Bxb1 8. Rxb1 e6 9. O-O Bd6 10. Qa4 Nf6 11. Be3 O-O 12. h3 a6 13. Qc4 Rac8 14. Rbc1 Qf5 15. Qd3 Qa5 16. a3 Nd5 17. Qe4 Rce8 18.
Bc4 f5 19. Qd3 Bb8 20. Rfe1 Qd8 21. Bxa6 Nxe3 22. Qxe3 Ba7 23. Bb5 Qd5 24. Bxc6 bxc6 25. Qc3 e5 26. dxe5 Kh8 27. Qxc6 Qb3 28. Qc2 Qb6 29. Red1 Re6 30. Rd7 h6 31. Qd2 Bb8 32. b4 f4 33. Rd1 Rg6 34.
Rd8 1-0

[Event "FIDE World Cup 2013"]
[Site "TromsÃ¸"]
[Date "2013.08.13"]
[Round "1.6"]
[White "Radjabov, Teimour"]
[Black "Cori, Jorge"]
[Result "1/2-1/2"]
[ECO "D85"]
[WhiteElo "2733"]
[BlackElo "2543"]
[PlyCount "59"]
[EventDate "2013.??.??"]
[EventCountry "NOR"]
[TimeControl "600+10"]

1. d4 Nf6 2. c4 g6 3. Nc3 d5 4. cxd5 Nxd5 5. e4 Nxc3 6. bxc3 Bg7 7. Be3 c5 8. Qd2 Qa5 9. Rc1 cxd4 10. cxd4 Qxd2+ 11. Kxd2 O-O 12. Nf3 Nc6 13. Bb5 Rd8 14. Bxc6 bxc6 15. Rhd1 Rb8 16. Ke1 Be6 17. Ne5 Bxe5 18. dxe5 Rxd1+ 19. Kxd1 a5 20. a3 Rb5 21. Rxc6 Rxe5 22. f3 Rb5 23. Rb6 Rxb6 24. Bxb6 a4 25. Bc5 Kf8 26. Kd2 Ke8 27. Ke3 Kf8 28. Bb4 Ke8 29. Bc5 Kf8 30. Bb4 1/2-1/2

[Event "FIDE World Cup 2013"]
[Site "TromsÃ¸"]
[Date "2013.08.13"]
[Round "1.6"]
[White "Shimanov, Aleksandr"]
[Black "Jones, Gawain C B"]
[Result "1-0"]
[ECO "A45"]
[WhiteElo "2664"]
[BlackElo "2643"]
[PlyCount "99"]
[EventDate "2013.??.??"]
[EventCountry "NOR"]
[TimeControl "600+10"]

1. d4 Nf6 2. Bg5 d5 3. Nd2 c5 4. dxc5 Nc6 5. c3 a5 6. a4 e5 7. Nb3 h6 8. Bxf6 Qxf6 9. e3 Be6 10. Nf3 Be7 11. Bb5 O-O 12. O-O Rfd8 13. Nfd2 Qg6 14. Kh1 Bf6 15. Qe2 d4 16. e4 Bg5 17. Rfd1 Bf4 18. Bc4 Bg4 19. f3 Bd7 20.
Bd5 Qh5 21. g4 d3 22. gxh5 dxe2 23. Re1 Be6 24. Bxe6 fxe6 25. Rxe2 Rd3 26. Kg2 Kh7 27. Nc4 g6 28. hxg6+ Kxg6 29. Ree1 Kf6 30. Rad1 Rg8+ 31. Kf2 Rxd1 32. Rxd1 Bxh2 33. Nbxa5 Bg3+ 34. Ke2 Bf4 35. Nxc6 bxc6 36. a5 h5 37. Rh1 Rh8 38. a6 Ra8 39. Rxh5 Rxa6 40. Rh7 Ra4 41. Kd3 Ra1 42.
Rc7 Rf1 43. Ke2 Rc1 44. Rxc6 Ke7 45. Rc7+ Kd8 46. Rh7 Rc2+ 47.
Kd3 Rf2 48. c6 Rxf3+ 49. Ke2 Rg3 50. c7+ 1-0

[Event "FIDE World Cup 2013"]
[Site "TromsÃ¸"]
[Date "2013.08.13"]
[Round "1.6"]
[White "Swiercz, Dariusz"]
[Black "Zvjaginsev, Vadim"]
[Result "1/2-1/2"]
[ECO "B36"]
[WhiteElo "2650"]
[BlackElo "2659"]
[PlyCount "98"]
[EventDate "2013.??.??"]
[EventCountry "NOR"]
[TimeControl "600+10"]

1. e4 c5 2. Nf3 Nc6 3. d4 cxd4 4. Nxd4 g6 5. c4 Nf6 6. Nc3 d6 7. Be2 Nxd4 8.
Qxd4 Bg7 9. Be3 O-O 10. Qd2 Qa5 11. f3 Be6 12. Rc1 Rfc8 13. b3 Rab8 14. Nb5 Qxd2+ 15. Kxd2 a6 16. Nd4 Bd7 17. Rhd1 Kf8 18. Ke1 Be8 19. Nc2 Nd7 20. Nb4 Nc5 21. Nd5 b6 22. b4 Nd7 23. Bg5 f6 24. Be3 e6 25.
Nf4 Ke7 26. Nd3 f5 27. exf5 gxf5 28. c5 bxc5 29. bxc5 dxc5 30. Nxc5 Nxc5 31. Bxc5+ Kf7 32. Bxa6 Rc6 33. Be2 Ra8 34. Bb5 Rc7 35. a4 Bh6 36. Be3 Rxc1 37. Bxc1 Bf8 38. Bd2 Bc5 39. Rc1 Bd6 40. g3 Bxb5 41. axb5 Ra3 42. Rc6 Ke7 43. Ke2 Rb3 44. Ra6 Bc5 45. Rc6 Bd6 46. Ra6 Bc5 47. Ra4 Kf7 48. Rh4 Kg7 49. Rc4 Rxb5 1/2-1/2

[Event "FIDE World Cup 2013"]
[Site "TromsÃ¸"]
[Date "2013.08.13"]
[Round "1.6"]
[White "Tomashevsky, Evgeny"]
[Black "Ramirez, Alejandro"]
[Result "0-1"]
[ECO "A57"]
[WhiteElo "2709"]
[BlackElo "2583"]
[PlyCount "88"]
[EventDate "2013.??.??"]
[EventCountry "NOR"]
[TimeControl "600+10"]

1. d4 Nf6 2. c4 c5 3. d5 b5 4. cxb5 a6 5. e3 g6 6. Nc3 Bg7 7. e4 O-O 8. a4 e6 9. dxe6 fxe6 10. Qd6 Bb7 11. f3 Ne8 12. Qxc5 d5 13. exd5 exd5 14. Nh3 Nd7 15. Qf2 d4 16. Bc4+ Kh8 17. O-O dxc3 18. bxc3 Nd6 19. Bg5 Qc7 20. Bd3 Nc5 21. Rad1 axb5 22. axb5 Nde4 23. Bxe4 Nxe4 24. Qh4 Nxc3 25. Rde1 Ra4 26. Qf2 Ne4 27. Qh4 Nc3 28. Qf2 Ra2 29. Qh4 Qc5+ 30. Be3 Qxb5 31. Ng5 h5 32. Ne6 Ne2+ 33. Kh1 Bf6 34. Qf2 Re8 35. Rb1 Qc6 36. Nc5 Nc3 37. Qg3 Nxb1 38. Qxg6 Rxe3 39. Qh6+ Kg8 40. Qxe3 Nd2 41. Rd1 Bc8 42. Qh6 Bf5 43. h4 Rc2 44. Nb7 Rc1 0-1

[Event "FIDE World Cup 2013"]
[Site "TromsÃ¸"]
[Date "2013.08.13"]
[Round "1.7"]
[White "Alekseev, Evgeny"]
[Black "Adhiban, B."]
[Result "0-1"]
[ECO "C72"]
[WhiteElo "2714"]
[BlackElo "2567"]
[PlyCount "121"]
[EventDate "2013.??.??"]
[EventCountry "NOR"]
[TimeControl "300+3"]

1. e4 e5 2. Nf3 Nc6 3. Bb5 a6 4. Ba4 d6 5. O-O Bd7 6. c3 Nge7 7. d4 Ng6 8.
Re1 Be7 9. Nbd2 h6 10. Nf1 O-O 11. Ng3 Nh4 12. Nxh4 Bxh4 13. f4 exd4 14. cxd4 d5 15. e5 Ne7 16. Bc2 Bxg3 17. hxg3 Qc8 18. b3 Bg4 19. Qd2 Nf5 20. Ba3 Re8 21. Kf2 a5 22. Rac1 Qd7 23. Rh1 h5 24. Bd1 Nh6 25.
Rxh5 Bxh5 26. Bxh5 a4 27. b4 Ng4+ 28. Bxg4 Qxg4 29. Qd3 g6 30. Qf3 Qxf3+ 31. Kxf3 Re6 32. g4 Rc6 33. Rc5 Rxc5 34. dxc5 Rd8 35. Ke3 Kg7 36. Bb2 Kh7 37. f5 gxf5 38. gxf5 Rg8 39. Kf3 Rg5 40. g4 Rg8 41. Kf4 c6 42. g5 Re8 43. a3 Re7 44. Bd4 Re8 45.
Kg4 Re7 46. Kh5 Re8 47. e6 fxe6 48. g6+ Kg8 49. f6 Kf8 50. f7 Re7 51. Be5 d4 52. Bxd4 e5 53. Be3 Rxf7 54. Bh6+ Kg8 55. gxf7+ Kxf7 56. Kg4 Ke6 57. Kf3 Kd5 58. Bg7 Kc4 59. Ke4 Kb3 60. Kd3 Kxa3 61. Kc3 0-1

[Event "FIDE World Cup 2013"]
[Site "TromsÃ¸"]
[Date "2013.08.13"]
[Round "1.7"]
[White "Granda Zuniga, Julio E"]
[Black "Melkumyan, Hrant"]
[Result "0-1"]
[ECO "A45"]
[WhiteElo "2679"]
[BlackElo "2632"]
[PlyCount "89"]
[EventDate "2013.??.??"]
[EventCountry "NOR"]
[TimeControl "300+3"]

1. d4 Nf6 2. Bf4 g6 3. Nd2 Bg7 4. e4 O-O 5. e5 Nd5 6. Bg3 d6 7. Ngf3 Nc6 8.
Be2 dxe5 9. dxe5 Bg4 10. h3 Bxf3 11. Nxf3 e6 12. c3 Nde7 13. Qa4 Nf5 14. Rd1 Qe7 15. Bh2 Qc5 16. Qb5 Qb6 17. O-O Rfd8 18. a4 Nfe7 19. Rfe1 Nd5 20. Bf1 a6 21. Qxb6 Nxb6 22. b3 Nd5 23. Rd3 b5 24. axb5 axb5 25.
Red1 Nxc3 26. Rxd8+ Nxd8 27. Rc1 b4 28. Bf4 Nc6 29. Bd2 Nxe5 30.
Nd4 c5 31. Nb5 Nxb5 32. Bxb5 Bf8 33. Bf4 Ra5 34. Bf1 Nc6 35. Be3 Ra3 36. Bxc5 Bxc5 37. Rxc5 Nd4 38. Rc4 Nxb3 39. Rxb4 Nc5 40. Rc4 Nd7 41. h4 Ra2 42. Rc3 Nf6 43. g3 Kg7 44. Kg2 Rxf2+ 45. Kxf2 0-1

[Event "FIDE World Cup 2013"]
[Site "TromsÃ¸"]
[Date "2013.08.13"]
[Round "1.7"]
[White "Ramirez, Alejandro"]
[Black "Tomashevsky, Evgeny"]
[Result "1-0"]
[ECO "A06"]
[WhiteElo "2583"]
[BlackElo "2709"]
[PlyCount "47"]
[EventDate "2013.??.??"]
[EventCountry "NOR"]
[TimeControl "300+3"]

1. Nf3 d5 2. d4 c6 3. c4 e6 4. Qc2 dxc4 5. Qxc4 Nf6 6. Bg5 b5 7. Qc2 Bb7 8.
Nbd2 a6 9. e3 Nbd7 10. a4 Rc8 11. Be2 Bb4 12. O-O Qb6 13. Nb3 c5 14. Bxf6 gxf6 15. dxc5 Nxc5 16. axb5 axb5 17. Nbd4 Ke7 18. Nxb5 Bxf3 19. gxf3 Rhd8 20. Ra7+ Nd7 21. Qe4 Bc5 22. b4 Bd6 23. Rb7 Qc6 24. Na7 1-0

[Event "FIDE World Cup 2013"]
[Site "TromsÃ¸"]
[Date "2013.08.13"]
[Round "1.7"]
[White "Swiercz, Dariusz"]
[Black "Zvjaginsev, Vadim"]
[Result "1/2-1/2"]
[ECO "B36"]
[WhiteElo "2650"]
[BlackElo "2659"]
[PlyCount "72"]
[EventDate "2013.??.??"]
[EventCountry "NOR"]
[TimeControl "300+3"]

1. e4 c5 2. Nf3 Nc6 3. d4 cxd4 4. Nxd4 g6 5. c4 Nf6 6. Nc3 d6 7. Be2 Nxd4 8.
Qxd4 Bg7 9. Be3 O-O 10. Qd2 Qa5 11. f3 Be6 12. Rc1 Rfc8 13. b3 Rab8 14. Nb5 Qxd2+ 15. Kxd2 a6 16. Nd4 Bd7 17. Rhd1 Be8 18. Nc2 Nd7 19. Nb4 Kf8 20. Ke1 Nc5 21. Nd5 b6 22. b4 Na4 23. Bg5 f6 24. Be3 Bf7 25.
Rd2 Bxd5 26. exd5 f5 27. Bd1 Nc3 28. Be2 a5 29. bxa5 bxa5 30. Rdc2 Na4 31. c5 Nxc5 32. Bxc5 dxc5 33. Rxc5 Rxc5 34. Rxc5 Rb1+ 35. Kd2 Rb2+ 36. Rc2 Rxc2+ 1/2-1/2

[Event "FIDE World Cup 2013"]
[Site "TromsÃ¸"]
[Date "2013.08.13"]
[Round "1.8"]
[White "Adhiban, B."]
[Black "Alekseev, Evgeny"]
[Result "1-0"]
[ECO "B45"]
[WhiteElo "2567"]
[BlackElo "2714"]
[PlyCount "73"]
[EventDate "2013.??.??"]
[EventCountry "NOR"]
[TimeControl "300+3"]

1. e4 c5 2. Nf3 Nc6 3. Nc3 e6 4. d4 cxd4 5. Nxd4 d6 6. Be3 a6 7. Bc4 Nf6 8. Qe2 Qc7 9. O-O-O Na5 10. Bb3 b5 11. Kb1 Nxb3 12. axb3 e5 13.
Nf5 b4 14. Na4 Nxe4 15. Nb6 Rb8 16. Nxc8 Rxc8 17. Bh6 g6 18.
Bxf8 Kxf8 19. Qxe4 gxf5 20. Qxf5 Rg8 21. Rxd6 Qxd6 22. Qxc8+ Kg7 23. Qc4 f6 24. Kc1 Rd8 25. Qg4+ Kf8 26. Rd1 Qb6 27. Rxd8+ Qxd8 28. Qxb4+ Kg7 29. Qb7+ Kg6 30. Qxa6 e4 31. Qe2 f5 32. g3 Qa5 33. c3 Kf6 34. Kc2 Ke5 35. Qd2 Qa1 36. c4 Ke6 37. c5 1-0

[Event "FIDE World Cup 2013"]
[Site "TromsÃ¸"]
[Date "2013.08.13"]
[Round "1.8"]
[White "Melkumyan, Hrant"]
[Black "Granda Zuniga, Julio E"]
[Result "0-1"]
[ECO "A61"]
[WhiteElo "2632"]
[BlackElo "2679"]
[PlyCount "120"]
[EventDate "2013.??.??"]
[EventCountry "NOR"]
[TimeControl "300+3"]

1. d4 Nf6 2. c4 e6 3. Nf3 c5 4. d5 exd5 5. cxd5 d6 6. Nc3 g6 7. Bf4 Nh5 8. Bg5 f6 9. Bd2 Bg7 10. Qa4+ Bd7 11. Qe4+ Kf7 12. g4 f5 13. gxf5 Bxf5 14. Qc4 Re8 15. Ng5+ Kg8 16. Ne6 Qb6 17. Nxg7 Nxg7 18. e4 Nd7 19. Bg2 Ne5 20. Qe2 Bg4 21. f3 Nf5 22. O-O Nd4 23. Qd1 Bh5 24. Na4 Qa6 25. Be3 Ndxf3+ 26. Kh1 Nxh2 27. Qb3 Nxf1 28. Bxf1 Be2 29. Bh3 Qd3 30. Qxd3 Bxd3 31. Nc3 Nc4 32. Bf4 Bxe4+ 33. Kh2 Bf5 34. Bf1 Ne5 35. Nb5 Rad8 36. Nxa7 g5 37. Bg3 Ng4+ 38. Kg1 Re3 39. Be1 Rde8 40. Bf2 Nxf2 41. Kxf2 Bd7 42. Bb5 R3e7 43. Bxd7 Rxd7 44. Nb5 Re5 45. Nc3 Kg7 46. a4 b6 47. Ra3 c4 48. Ra1 Rf7+ 49. Kg2 Re3 50.
Nb5 Rf6 51. Rc1 Re2+ 52. Kg3 Rd2 53. Rxc4 Rxd5 54. Nd4 h5 55. Rb4 Kg6 56. Nc6 h4+ 57. Kg2 Rd3 58. Rxb6 h3+ 59. Kg1 g4 60. Rb4 g3 0-1

[Event "FIDE World Cup 2013"]
[Site "TromsÃ¸"]
[Date "2013.08.13"]
[Round "1.8"]
[White "Tomashevsky, Evgeny"]
[Black "Ramirez, Alejandro"]
[Result "1-0"]
[ECO "D45"]
[WhiteElo "2709"]
[BlackElo "2583"]
[PlyCount "97"]
[EventDate "2013.??.??"]
[EventCountry "NOR"]
[TimeControl "300+3"]

1. d4 d5 2. c4 c6 3. Nf3 Nf6 4. Nc3 a6 5. e3 e6 6. c5 Nbd7 7. Qc2 g6 8. Bd3 Bg7 9. O-O O-O 10. e4 dxe4 11. Bxe4 e5 12. Be3 exd4 13. Bxd4 Re8 14. Rad1 Nf8 15. Rfe1 Bd7 16. b4 Qc7 17. h3 Qf4 18. Be3 Qc7 19. Bd3 Rad8 20.
Qc1 Ne6 21. Bc4 Bc8 22. a3 Rxd1 23. Rxd1 Rd8 24. Re1 Nd5 25.
Nxd5 cxd5 26. Bd3 d4 27. Bd2 Bd7 28. Bc4 Bc6 29. Bxe6 Bxf3 30. gxf3 fxe6 31. Rxe6 Qf7 32. Qc4 Bf8 33. Qe2 Qf5 34. Kg2 d3 35. Qe4 Qf7 36. h4 Rd7 37. Re8 Re7 38. Rxe7 Bxe7 39. Qxb7 Bxh4 40. Qxa6 Bd8 41. Qa8 Qf8 42. Qd5+ Kg7 43. Qxd3 Bf6 44. c6 Qc8 45. b5 h5 46. a4 h4 47. Qd7+ Qxd7 48.
cxd7 Kf7 49. Ba5 1-0

[Event "FIDE World Cup 2013"]
[Site "TromsÃ¸"]
[Date "2013.08.13"]
[Round "1.8"]
[White "Zvjaginsev, Vadim"]
[Black "Swiercz, Dariusz"]
[Result "0-1"]
[ECO "B22"]
[WhiteElo "2659"]
[BlackElo "2650"]
[PlyCount "90"]
[EventDate "2013.??.??"]
[EventCountry "NOR"]
[TimeControl "300+3"]

1. e4 c5 2. c3 d5 3. exd5 Qxd5 4. Nf3 Nf6 5. d4 e6 6. Bb5+ Bd7 7. Be2 cxd4 8.
cxd4 Bb4+ 9. Nc3 O-O 10. O-O Bxc3 11. bxc3 Bb5 12. Bxb5 Qxb5 13.
Qb3 Qa6 14. Rb1 b6 15. Ne5 Nbd7 16. Nc6 Rfe8 17. Ba3 Qb7 18. Ne7+ Kh8 19. c4 Nf8 20. Qf3 Qxf3 21. gxf3 Ng6 22. Nxg6+ hxg6 23. Bd6 Rec8 24. c5 Rc6 25. Rfc1 Rac8 26. a4 Nd7 27. Kg2 Kg8 28. Bg3 Nf6 29. Rb5 Nd5 30. a5 g5 31. axb6 axb6 32. h3 f6 33. Rc2 Kf7 34. Rc1 Kg6 35.
Rc2 Kf5 36. Rc1 bxc5 37. dxc5 e5 38. Rb7 R8c7 39. Rxc7 Nxc7 40. h4 gxh4 41. Bxh4 Ne6 42. Bg3 Rxc5 43. Ra1 Rc3 44. Ra7 g5 45. Rb7 Nd4 0-1